 Dungeon Crawl Stone Soup version 0.18-a0-1805-g8ab820f (webtiles) character file.

1782 M4edhros the Blocker (level 9, -3/53 HPs)
             Began as an Octopode Artificer on Apr 26, 2016.
             Was an Initiate of Gozag.
             Slain by Grinder (8 damage)
             ... on level 6 of the Dungeon.
             The game lasted 00:09:11 (6443 turns).

M4edhros the Blocker (Octopode Artificer)           Turns: 6443, Time: 00:09:12

Health: -3/53      AC:  3    Str: 10    XL:     9   Next: 8%
Magic:  0/11       EV:  9    Int: 14    God:    Gozag
Gold:   389        SH: 17    Dex: 16    Spells: 0 memorised, 8 levels left

rFire  . . .     SeeInvis .     w - +0 spear
rCold  + . .     Gourm    .     t - +2 large shield
rNeg   . . .     Faith    .     (helmet restricted)
rPois  .         Spirit   +     l - amulet of guardian spirit
rElec  .         Dismiss  .     p - +2 ring of protection
rCorr  +         Reflect  .     u - ring of resist corrosion
SustAt +         Harm     .     x - ring of protection from cold
MR     .....                    G - ring of sustain attributes
Stlth  +++++.....               (no ring)
                                (no ring)
                                (no ring)
                                (no ring)

@: gold aura, not resistant to hostile enchantments, quite stealthy
A: almost no armour, amphibious, 8 rings, constrict 8, camouflage 1, gelatinous
body 1
a: Potion Petition, Call Merchant, Bribe Branch, Renounce Religion


You were on level 6 of the Dungeon.
You worshipped Gozag.
Gozag was noncommittal.
You were not hungry.

You visited 2 branches of the dungeon, and saw 7 of its levels.

You collected 459 gold pieces.
You paid 70 gold pieces to Gozag.

Inventory:

Hand Weapons
 a - a +0 short sword
 i - a -3 spear
 w - a +0 spear (weapon)
 B - a +0 hunting sling
Missiles
 j - 121 stones (quivered)
 s - 12 sling bullets
Armour
 t - a +2 large shield (worn)
Jewellery
 l - an amulet of guardian spirit (around mantle)
 p - a +2 ring of protection (left tentacle)
 u - a ring of resist corrosion (right tentacle)
 x - a ring of protection from cold (on tentacle)
 D - an uncursed amulet of magic regeneration
 G - a ring of sustain attributes (on tentacle)
Wands
 b - a wand of flame (0/48)
 c - a wand of enslavement (11/24)
 d - a wand of random effects (7/48)
 k - a wand of polymorph (7/24)
Scrolls
 f - a scroll of blinking {unknown}
 m - 6 scrolls of teleportation
 q - 2 scrolls of fear
 v - a scroll of summoning
 y - 2 scrolls of enchant weapon
 z - a scroll of identify
 E - a scroll of remove curse
 H - a scroll of recharging
Potions
 e - a potion of flight
 h - a potion of berserk rage {unknown}
 n - a potion of curing
 o - a potion of cure mutation {unknown}
 r - a potion of invisibility {unknown}
 C - a potion of degeneration {unknown}
Comestibles
 g - 2 meat rations
 A - a bread ration
 F - a slice of pizza


   Skills:
 - Level 1.0 Fighting
 - Level 1.0 Short Blades
 - Level 2.0 Dodging
 - Level 8.1 Stealth
 * Level 9.8 Shields
 - Level 3.2 Evocations


You had 8 spell levels left.
You didn't know any spells.

Dungeon Overview and Level Annotations

Branches:
Dungeon (6/15)             Temple (1/1) D:4

Altars:
Ashenzari
Cheibriados
Dithmenos
Elyvilon
Fedhas
Gozag
Kikubaaqudgha
Makhleb
Okawaru
Pakellas
Qazlal
Ru
Vehumet
Xom
Yredelemnul
The Shining One

Annotations:
D:6 Grinder


Innate Abilities, Weirdness & Mutations

You cannot wear most types of armour.
You are amphibious.
You can wear up to eight rings at the same time.
You can use your tentacles to constrict eight enemies at once.
Your skin changes colour to match your surroundings (Stealth).
Your rubbery body absorbs attacks (AC +1).


Message History

You miss Grinder. Your grab misses Grinder. You squeeze Grinder.
Grinder is almost dead.
Grinder blinks!
Grinder gestures at you. Pain shoots through your body!
* * * LOW HITPOINT WARNING * * *
Unknown command.
Evoke which item? (* to show all) (? for menu, Esc to quit)
Zapping:
d - a wand of random effects (8/48)
Press: ? - help, Shift-Dir - straight line, f - Grinder
Aim: Grinder (almost dead, unusually agile)
The puff of flame misses Grinder.
This wand has 7 charges left.
You barely miss Grinder. You grab Grinder.
Grinder is almost dead.
You constrict Grinder. You block Grinder's attack.
You barely miss Grinder.
Grinder is almost dead.
You constrict Grinder. Grinder hits you!
You die...
Your body crumbles into a pile of gold.

#...... #########.#####.
#..... #.............#. #....
#...).........#. #...
#....p((((....'. ######..
#....###'###.##.
#...$..#######....# #.# #....
#......#.....#[...###.###....
#......#....5[....###_..+....
#......$....@#....###.###....
#......#.....#..p.# #.# #....
#......##########.###'###.>..
######## #.........###
###########


You could see Grinder and a neutral freed slave (wandering).

Vanquished Creatures
  Edmund (D:4)
  A soldier ant (D:4)
  2 ice beasts
  3 slaves (D:6)
  A necrophage (D:6)
  2 ogres
  2 centaurs
  A scorpion (D:5)
  A water moccasin skeleton (D:5)
  A giant frog zombie (D:6)
  A jelly (D:5)
  A crimson imp (D:5)
  A quasit (D:6)
  An orc wizard (D:5)
  2 hounds (D:5)
  Jessica (D:2)
  2 centaur skeletons
  Ijyb (D:2)
  6 worker ants
  A hound zombie (D:5)
  A hound skeleton (D:5)
  A worker ant zombie (D:6)
  A howler monkey skeleton (D:4)
  8 adders
  2 adder skeletons (D:5)
  3 dart slugs
  8 giant geckos
  An orc (D:4)
  6 giant cockroaches
  4 hobgoblins
  2 quokkas
  2 ball pythons
  3 bats
  A giant cockroach zombie (D:5)
  A giant newt (D:6)
  4 goblins
  2 jackal skeletons
  5 kobolds
  2 quokka skeletons
  A quokka zombie (D:5)
  5 rats
95 creatures vanquished.

Vanquished Creatures (collateral kills)
  Pikel (D:6)
  A giant frog skeleton (D:6)
  An orc (D:6)
3 creatures vanquished.

Grand Total: 98 creatures vanquished

Notes
Turn   | Place    | Note
--------------------------------------------------------------
     0 | D:1      | M4edhros the Octopode Artificer began the quest for the Orb.
     0 | D:1      | Reached XP level 1. HP: 13/13 MP: 3/3
   306 | D:1      | Reached XP level 2. HP: 10/18 MP: 4/4
   949 | D:2      | Reached XP level 3. HP: 12/23 MP: 5/5
  1261 | D:2      | Noticed Jessica
  1263 | D:2      | Killed Jessica
  1263 | D:2      | Reached skill level 5 in Stealth
  1272 | D:2      | Reached XP level 4. HP: 21/28 MP: 3/6
  1347 | D:2      | Noticed Ijyb
  1354 | D:2      | Killed Ijyb
  1756 | D:3      | Reached XP level 5. HP: 25/33 MP: 5/7
  2757 | D:5      | Entered Level 5 of the Dungeon
  3201 | D:5      | Noticed a centaur
  3220 | D:5      | Killed a centaur
  3220 | D:5      | Reached skill level 2 in Shields
  3220 | D:5      | Reached XP level 6. HP: 20/38 MP: 6/8
  3373 | D:5      | Noticed an ice beast
  3464 | D:5      | Killed an ice beast
  3464 | D:5      | Reached skill level 3 in Shields
  3591 | D:5      | Reached skill level 4 in Shields
  3591 | D:5      | Reached XP level 7. HP: 16/43 MP: 5/9
  4101 | D:5      | Reached skill level 5 in Shields
  4325 | D:5      | Reached skill level 6 in Shields
  4607 | D:4      | Found a staircase to the Ecumenical Temple.
  4622 | Temple   | Entered the Ecumenical Temple
  4647 | Temple   | Became a worshipper of Gozag Ym Sagoz the Greedy
  4760 | D:4      | Reached XP level 8. HP: 48/48 MP: 10/10
  4825 | D:4      | Reached skill level 7 in Shields
  5168 | D:4      | Noticed Edmund
  5183 | D:4      | Killed Edmund
  5446 | D:4      | Found a shadowy altar of Dithmenos.
  5446 | D:4      | Found a snail-covered altar of Cheibriados.
  5560 | D:6      | Noticed Pikel
  5779 | D:6      | Found a glowing golden altar of the Shining One.
  5801 | D:6      | Reached skill level 8 in Shields
  5852 | D:6      | Found a stormy altar of Qazlal.
  5945 | D:6      | Found a radiant altar of Vehumet.
  5947 | D:6      | Found a shimmering altar of Xom.
  5947 | D:6      | Found a shimmering altar of Xom.
  6080 | D:6      | Found a shimmering altar of Xom.
  6126 | D:6      | Found a shimmering altar of Xom.
  6169 | D:6      | Reached skill level 9 in Shields
  6207 | D:6      | Found a white marble altar of Elyvilon.
  6224 | D:6      | Noticed Grinder
  6433 | D:6      | Killed Pikel
  6433 | D:6      | Reached XP level 9. HP: 14/53 MP: 5/11
  6443 | D:6      | Slain by Grinder

Vault maps used:
D:1:      nicolae_arrival_somewhat_less_tricky_arrival, st_stairs_6,
          minmay_misc_feat_tiny
D:2:      uniq_jessica, uniq_iyjb
D:4:      gammafunk_temple_overflow_wave, minmay_temple_entry_mist, uniq_edmund
D:5:      first_bread, kennysheep_generic_room_5
D:6:      grunt_qazlal_clouds, vehumet_crystals, lemuel_crystal_altar,
          lemuel_doored_altar, serial_shops, kennysheep_mini, xom_redecorated,
          uniq_pikel, uniq_grinder
Temple:   triangle_lava_temple_12

Skill      XL: |  1  2  3  4  5  6  7  8 |
---------------+-------------------------+-----
Stealth        | 3 4 5 6 8 |  8.1
Shields        | 2 4 6 9 |  9.8
Fighting       | |  1.0
Short Blades   | |  1.0
Dodging        | |  2.0
Evocations     | |  3.2

Action                   |  1- 3 |  4- 6 |  7- 9 || total
-------------------------+-------+-------+-------++-------
Melee: Spear             |    84 |   113 |   259 ||   456
       Constrict         |    16 |    22 |    41 ||    79
       Short sword       |     3 |       |       ||     3
       Tentacles         |    14 |    21 |    58 ||    93
Evoke: Wand              |       |    10 |    38 ||    48
  Use: Scroll            |     8 |       |     4 ||    12
       Potion            |       |     1 |     3 ||     4
 Stab: Sleeping          |     3 |    15 |    17 ||    35
       Confused          |       |     2 |       ||     2
  Eat: Chunk             |     1 |       |     2 ||     3
       Bread ration      |       |     2 |     1 ||     3
       Beef jerky        |       |       |     1 ||     1
Armor: Skin              |    10 |    12 |    32 ||    54
Dodge: Dodged            |    47 |    26 |    68 ||   141
Block: Large shield      |     5 |    63 |   185 ||   253
